Map: [ESL] Site Delta

Players

ByuN - Winner!

  • Race: Terran Terran
  • Spawn Location: 5:00

Maru

  • Race: Terran Terran
  • Spawn Location: 11:00

Event: IEM Katowice 2024

VOD

https://youtu.be/lMGgrXnTazU?t=2130

Description

Time

  • Played on: Feb. 11, 2024, 8:13 a.m.
  • Length: 8:43

All games in this series

Show
View Real Time Build Order
Export as new Build Order

ByuN Terran - Winner!

Build Orders: Reaper Expand 

Get SALT Encoding   

  12  0:00  SCV  
  13  0:12  SCV  
  14  0:17  Supply Depot  
  14  0:24  SCV  
  15  0:39  SCV  
  15  0:40  Barracks  
  16  0:42  Refinery  
  16  0:51  SCV  
  17  1:03  SCV  
  18  1:15  SCV  
  19  1:27  Orbital Command, Reaper  
  20  1:40  Command Center  
  20  1:50  Supply Depot  
  20  1:53  SCV  
  21  1:59  Marine  
  22  2:04  Factory  
  23  2:08  SCV  
  23  2:17  Marine  
  23  2:20  Bunker, SCV  
  25  2:24  Refinery  
  25  2:32  SCV  
  27  2:37  Barracks Reactor  
  26  2:44  SCV  
  26  2:48  Hellion  
  29  2:53  Orbital Command  
  29  2:57  SCV, Starport  
  30  3:09  SCV  
  31  3:12  Factory Tech Lab  
  31  3:17  Barracks  
  31  3:19  SCV  
  32  3:20  Marine  
  32  3:21  SCV, Marine  
  35  3:31  SCV  
  35  3:32  Siege Tank  
  35  3:33  SCV  
  40  3:36  Viking  
  40  3:40  Supply Depot  
  42  3:43  SCV  
  42  3:45  SCV  
  44  3:49  Marine  
  44  3:50  Marine, Refinery  
  46  4:02  SCV x2  
  48  4:04  Siege Tank, Supply Depot  
  48  4:05  Barracks Tech Lab  
  51  4:13  Marine  
  51  4:14  SCV x2  
  54  4:18  Marine  
  54  4:34  SCV x2, Medivac  
  54  4:35  Stimpack, Supply Depot  
  58  4:43  Marine x3  
  61  4:46  SCV  
  61  4:52  Supply Depot  
  62  4:56  Siege Tank, SCV  
  62  4:59  SCV  
  67  5:07  Starport Reactor  
  67  5:08  Marine  
  67  5:09  SCV, Marine  
  67  5:13  SCV, Marine  
  72  5:19  Command Center  
  72  5:21  SCV  
  73  5:25  SCV  
  73  5:27  Supply Depot, Marine x2  
  76  5:31  Marine  
  76  5:33  SCV  
  78  5:43  Engineering Bay x2  
  78  5:44  Refinery  
  78  5:49  Siege Tank, SCV, Medivac x2  
  86  5:57  Supply Depot  
  86  6:14  Combat Shield  
  86  6:18  SCV x2, Marine x3  
  86  6:19  Terran Infantry Armor Level 1  
  86  6:21  Barracks, Terran Infantry Weapons Level 1  
  86  6:23  Barracks x2  
  91  6:31  SCV x2  
  91  6:32  Siege Tank  
  96  6:36  Orbital Command, Marine x3  
  99  6:41  Starport Reactor  
  99  6:43  SCV x2  
  101  6:54  Marine x3  
  101  6:55  SCV x2  
  101  7:07  SCV x2  
  92  7:08  Siege Tank  
  92  7:09  Orbital Command  
  92  7:11  Barracks Reactor  
  92  7:12  Barracks Reactor, Marine x3  
  98  7:19  SCV x2  
  91  7:30  Marauder  
  91  7:31  SCV x2  
  91  7:33  Marine  
  91  7:34  Marine x3  
  93  7:37  Barracks Tech Lab  
  93  7:38  Barracks Tech Lab  
  93  7:40  Siege Tank  
  93  7:42  SCV  
  93  7:43  SCV x2  
  99  7:51  Marauder  
  99  7:54  Command Center, SCV  
  99  7:55  SCV  
  99  7:56  Marine x2  
  99  7:57  Marauder  
  107  7:59  Marine x2  
  109  8:06  SCV  
  109  8:11  SCV  
  110  8:13  Armory, Marauder  
  112  8:25  SCV x2  
  117  8:36  Refinery x2  
  117  8:37  Supply Depot  
  117  8:38  Supply Depot  
Show
View Real Time Build Order
Export as new Build Order

Maru Terran 

Build Orders: Cyclone Opening, Mech 

Get SALT Encoding   

  12  0:00  SCV  
  13  0:12  SCV  
  14  0:17  Supply Depot  
  14  0:24  SCV  
  15  0:38  SCV  
  15  0:40  Barracks  
  16  0:44  Refinery  
  16  0:50  SCV  
  16  0:53  Refinery  
  17  1:02  SCV  
  18  1:14  SCV  
  19  1:27  Orbital Command, Reaper  
  19  1:30  Supply Depot  
  20  1:42  Factory  
  20  1:52  SCV  
  21  1:59  Reaper  
  22  2:04  SCV  
  23  2:16  Command Center, SCV  
  24  2:25  Cyclone  
  24  2:28  SCV  
  27  2:35  Supply Depot  
  27  2:40  SCV  
  27  2:41  Starport  
  28  2:50  Barracks Reactor  
  28  2:53  SCV  
  29  2:59  Cyclone  
  29  3:05  SCV  
  32  3:15  Refinery  
  32  3:17  SCV  
  32  3:18  Medivac  
  35  3:27  Orbital Command  
  35  3:29  SCV  
  36  3:37  Cyclone x2, Marine  
  42  3:41  SCV  
  42  3:45  Supply Depot  
  42  3:48  Starport Tech Lab  
  42  3:53  SCV x2  
  44  3:57  Marine  
  45  4:05  SCV  
  45  4:08  SCV  
  45  4:09  Cyclone x2  
  51  4:12  Raven  
  53  4:17  SCV  
  53  4:20  SCV  
  53  4:23  Interference Matrix  
  55  4:29  SCV  
  56  4:33  SCV  
  56  4:36  Command Center, Supply Depot  
  57  4:41  SCV  
  58  4:45  SCV  
  58  4:46  Raven  
  61  4:54  SCV  
  61  4:58  Cyclone x2, SCV  
  67  5:01  Supply Depot  
  67  5:06  Barracks Tech Lab, SCV  
  68  5:15  SCV  
  68  5:20  Supply Depot  
  69  5:22  Barracks  
  69  5:23  Raven, Barracks  
  69  5:28  SCV  
  73  5:29  SCV  
  73  5:30  Refinery  
  73  5:34  Factory  
  73  5:36  Cyclone x2  
  73  5:38  Supply Depot  
  73  5:40  SCV  
  73  5:42  SCV  
  79  5:46  Supply Depot  
  79  5:49  Orbital Command  
  79  5:50  Factory  
  79  5:52  SCV  
  79  5:54  SCV  
  80  6:04  SCV  
  80  6:06  SCV  
  81  6:16  SCV  
  82  6:19  SCV  
  82  6:24  Siege Tank  
  82  6:25  Hellion x2  
  90  6:28  SCV  
  90  6:31  SCV  
  92  6:37  Supply Depot  
  91  6:40  SCV  
  91  6:42  Barracks Reactor  
  91  6:43  SCV  
  91  6:46  Hellion  
  95  6:52  SCV  
  96  6:55  SCV  
  96  6:56  Siege Tank  
  91  7:03  Siege Tank  
  91  7:04  Hellion, SCV  
  91  7:07  SCV  
  91  7:08  Hellion  
  87  7:10  Starport Reactor  
  87  7:17  SCV  
  87  7:19  SCV  
  89  7:28  SCV  
  89  7:29  Siege Tank, SCV  
  81  7:31  SCV  
  81  7:35  Siege Tank  
  75  7:40  SCV  
  75  7:41  Hellion x2, SCV  
  75  7:43  SCV  
  82  7:49  Armory  
  82  7:51  Armory  
  82  7:52  SCV  
  82  7:53  SCV  
  82  7:55  SCV  
  82  7:59  Viking x2  
  82  8:01  Siege Tank  
  82  8:02  Hellion  
  82  8:04  SCV  
  82  8:05  SCV  
  93  8:07  SCV  
  93  8:09  Siege Tank  
  97  8:17  SCV x2  
  99  8:22  Hellion  
  86  8:30  SCV  
  86  8:31  SCV x2  

Tags
 
Add a new tag
Caveats
  • Supply blocks, unpowered buildings, or Contaminate may cause inaccurate times.
  • Supply counts are checked every 10 seconds.